 Dungeon Crawl Stone Soup version 0.23.2-40-g277498a001 (webtiles) character file.

Game seed: 7993441181310940365

165 Emblim88 the Charmwright (level 5, -11/43 HPs)
             Began as a Gnoll Skald on Sept 16, 2019.
             Was an Initiate of Dithmenos.
             Killed from afar by Sigmund (12 damage)
             ... with a puff of flame
             ... on level 2 of the Dungeon on Sept 17, 2019.
             The game lasted 00:07:13 (2370 turns).

Emblim88 the Charmwright (Gnoll Skald)              Turns: 2370, Time: 00:07:13

Health: -11/43     AC:  0    Str: 13    XL:     5   Next: 46%
Magic:  12/12      EV: 17    Int: 16    God:    Dithmenos [......]
Gold:   136        SH:  0    Dex: 15    Spells: 9/14 levels left

rFire    . . .     SeeInvis .     - Unarmed
rCold    . . .     Gourm    .   (shield currently unavailable)
rNeg     . . .     Faith    .   (armour currently unavailable)
rPois    .         Spirit   .   (helmet currently unavailable)
rElec    .         Reflect  .   (cloak currently unavailable)
rCorr    .         Harm     .   (gloves currently unavailable)
MR       .....                  (boots currently unavailable)
Stlth    ++........             (no amulet)
HPRegen  0.14/turn              (ring currently unavailable)
MPRegen  0.13/turn              (ring currently unavailable)

@: pig-form (expiring), very quick
A: small, distributed training, strong nose
a: Renounce Religion


You were on level 2 of the Dungeon.
You worshipped Dithmenos.
Dithmenos was noncommittal.
You were not hungry.
You were a filthy swine.
You visited 1 branch of the dungeon, and saw 3 of its levels.

You collected 136 gold pieces.

Inventory:

Hand Weapons
 a - a +0 falchion (melded)
Missiles
 k - 28 poisoned needles
Armour
 b - a +0 leather armour (melded)
 i - a +0 cloak (melded)
Jewellery
 h - a +4 ring of evasion (melded)
Wands
 e - a wand of random effects (12)
Scrolls
 c - a scroll of remove curse {unknown}
 g - a scroll of enchant weapon {unknown}
 j - a scroll of magic mapping {unknown}
 l - a scroll of teleportation {unknown}
 n - 3 scrolls of identify {unknown}
Potions
 f - a potion of brilliance
 m - a potion of invisibility
Comestibles
 d - a ration


   Skills:
 + Level 4.8 Fighting
 + Level 1.4 Short Blades
 + Level 4.8 Long Blades
 + Level 1.4 Axes
 + Level 1.4 Maces & Flails
 + Level 1.4 Polearms
 + Level 1.4 Staves
 + Level 1.4 Slings
 + Level 1.4 Bows
 + Level 1.4 Crossbows
 + Level 1.4 Throwing
 + Level 3.0 Armour
 + Level 4.8 Dodging
 + Level 1.4 Stealth
 + Level 1.4 Shields
 + Level 1.4 Unarmed Combat
 + Level 5.2 Spellcasting
 + Level 1.1 Conjurations
 + Level 1.1 Hexes
 + Level 5.5 Charms
 + Level 1.1 Summonings
 + Level 1.1 Necromancy
 + Level 1.1 Translocations
 + Level 1.1 Transmutations
 + Level 1.1 Fire Magic
 + Level 1.1 Ice Magic
 + Level 1.1 Air Magic
 + Level 1.1 Earth Magic
 + Level 1.1 Poison Magic
 + Level 1.6 Invocations
 + Level 1.4 Evocations


You had 9 spell levels left.
You knew the following spells:

 Your Spells              Type           Power        Failure   Level  Hunger
a - Infusion              Chrm           ###.         1%          1    None
b - Song of Slaying       Chrm           ###.....     2%          2    #......
c - Shroud of Golubria    Chrm/Tloc      ##........   5%          2    #......

Your spell library contained the following spells:

 Spells                   Type           Power        Failure   Level  Hunger
 Regeneration             Chrm/Necr      ##........   11%         3    ###....
 Spectral Weapon          Hex/Chrm       ##......     11%         3    ###....


Dungeon Overview and Level Annotations

Branches:
Dungeon (3/15)

Altars:
Dithmenos

Annotations:
D:2 Robin, Sigmund


Innate Abilities, Weirdness & Mutations

Your experience applies equally to all skills.
((You have very sharp teeth.))
Your uncanny sense of smell can sniff out nearby items.


Message History

Something hits you!
* * * LOW HITPOINT WARNING * * *
Your shroud falls apart!
You miss something. You hit something.
You hear a zap.
Something tries to affect you, but you resist.
You closely miss something. Something hits you!
* * * LOW HITPOINT WARNING * * *
You hit something.
You hear a zap.
You miss something. Something barely misses you.
You hit something. You completely miss something.
You hear a zap.
You barely miss something.
You hear some strange, mumbled words.
A puff of flame appears from out of thin air!
The puff of flame hits you!
You die...

..#.#§#§#..... ...#.§.#§.....#.
.# ....#§#...# ..#<#.#
........#..# ...#.# .......###.#
#....# ∆ .....#.# #. #..%.#
.......# #.###..#.#∆ ......##
#..##..#{# ..#...# #.###.h.#
.##...# #..)....###############
.##...# #####.................#
......# ###...........###..
.#....####### #................
............### #######..#.......
#.....#####...##########..####...
##....# ###........####..# ###
#....# ########..####.##


There were no monsters in sight!

Vanquished Creatures
  An orc priest (D:3)
  Ijyb (D:3)
  Jessica (D:3)
  An adder (D:3)
  2 worms (D:2)
  7 dart slugs (D:1)
  A leopard gecko (D:1)
  2 orcs (D:3)
  A giant cockroach (D:1)
  8 hobgoblins
  3 jackals (D:1)
  5 kobolds
  A quokka (D:2)
  A ball python (D:1)
  4 bats
  A frilled lizard (D:1)
  7 goblins
  5 rats
52 creatures vanquished.

Notes
Turn   | Place    | Note
-------+----------+-------------------------------------------
     0 | D:1      | Emblim88 the Gnoll Skald began the quest for the Orb.
     0 | D:1      | Reached XP level 1. HP: 20/20 MP: 6/6
   105 | D:1      | Reached XP level 2. HP: 18/26 MP: 7/7
   386 | D:1      | Learned a level 2 spell: Song of Slaying
   389 | D:1      | Learned a level 2 spell: Shroud of Golubria
   441 | D:1      | Reached XP level 3. HP: 31/31 MP: 9/9
   445 | D:1      | Reached skill level 5 in Spellcasting
   785 | D:1      | Reached skill level 1 in Invocations
  1353 | D:1      | Reached skill level 1 in Short Blades
  1353 | D:1      | Reached skill level 1 in Axes
  1353 | D:1      | Reached skill level 1 in Maces & Flails
  1353 | D:1      | Reached skill level 1 in Polearms
  1353 | D:1      | Reached skill level 1 in Staves
  1353 | D:1      | Reached skill level 1 in Slings
  1353 | D:1      | Reached skill level 1 in Bows
  1353 | D:1      | Reached skill level 1 in Crossbows
  1353 | D:1      | Reached skill level 1 in Throwing
  1353 | D:1      | Reached skill level 1 in Stealth
  1353 | D:1      | Reached skill level 1 in Shields
  1353 | D:1      | Reached skill level 1 in Unarmed Combat
  1353 | D:1      | Reached skill level 1 in Evocations
  1479 | D:2      | Found a shadowy altar of Dithmenos.
  1481 | D:2      | You fall through a shaft!
  1487 | D:3      | Noticed Ijyb
  1528 | D:3      | Killed Ijyb
  1528 | D:3      | Reached XP level 4. HP: 37/38 MP: 11/11
  1533 | D:3      | Reached skill level 1 in Conjurations
  1533 | D:3      | Reached skill level 1 in Hexes
  1533 | D:3      | Reached skill level 1 in Summonings
  1533 | D:3      | Reached skill level 1 in Necromancy
  1533 | D:3      | Reached skill level 1 in Translocations
  1533 | D:3      | Reached skill level 1 in Transmutations
  1533 | D:3      | Reached skill level 1 in Fire Magic
  1533 | D:3      | Reached skill level 1 in Ice Magic
  1533 | D:3      | Reached skill level 1 in Air Magic
  1533 | D:3      | Reached skill level 1 in Earth Magic
  1533 | D:3      | Reached skill level 1 in Poison Magic
  1594 | D:3      | Noticed Jessica
  1600 | D:3      | Killed Jessica
  1600 | D:3      | Reached XP level 5. HP: 27/43 MP: 12/12
  1892 | D:3      | HP: 2/43 [gnoll/+0 flail (3)]
  2227 | D:2      | Became a worshipper of Dithmenos the Shadowed
  2308 | D:2      | Noticed Robin
  2319 | D:2      | Noticed Sigmund
  2365 | D:2      | HP: 1/43 [something (8)]
  2370 | D:2      | Killed from afar by Sigmund

Skill      XL: |  1  2  3  4  5 |
---------------+----------------+-----
Spellcasting   | 5 |  5.2
Invocations    | 1 |  1.6
Short Blades   | 1 |  1.4
Axes           | 1 |  1.4
Maces & Flails | 1 |  1.4
Polearms       | 1 |  1.4
Staves         | 1 |  1.4
Slings         | 1 |  1.4
Bows           | 1 |  1.4
Crossbows      | 1 |  1.4
Throwing       | 1 |  1.4
Stealth        | 1 |  1.4
Shields        | 1 |  1.4
Unarmed Combat | 1 |  1.4
Evocations     | 1 |  1.4
Conjurations   | 1 |  1.1
Hexes          | 1 |  1.1
Summonings     | 1 |  1.1
Necromancy     | 1 |  1.1
Translocations | 1 |  1.1
Transmutations | 1 |  1.1
Fire Magic     | 1 |  1.1
Ice Magic      | 1 |  1.1
Air Magic      | 1 |  1.1
Earth Magic    | 1 |  1.1
Poison Magic   | 1 |  1.1
Armour         | 3 |  3.0
Fighting       | |  4.8
Long Blades    | |  4.8
Dodging        | |  4.8
Charms         | |  5.5

Action                   |  1- 3 |  4- 6 || total
-------------------------+-------+-------++-------
Melee: Falchion          |   132 |    61 ||   193
       Bite              |    20 |     6 ||    26
       Unarmed           |       |    24 ||    24
 Cast: Infusion          |     1 |       ||     1
       Shroud of Golubri |     2 |     4 ||     6
  Use: Potion            |     4 |     1 ||     5
 Stab: Invisible         |     2 |     2 ||     4
       Sleeping          |     1 |       ||     1
  Eat: Chunk             |     2 |     1 ||     3
       Ration            |       |     1 ||     1
Armor: Leather armour    |    25 |    18 ||    43
Dodge: Dodged            |   178 |    48 ||   226
       Rpst.: Falchion   |    52 |    13 ||    65
